 Dungeon Crawl Stone Soup version 0.30.1-9-gdf580d7c3d (webtiles) character file.

Game seed: 774445929302372831

64 H0rd4k the Charlatan (level 4, -1/28 HPs)
             Began as an Octopode Artificer on Sept 27, 2023.
             Killed by divine providence
             ... invoked by an orc priest
              (13 damage)
             ... on level 3 of the Dungeon.
             The game lasted 00:01:33 (1718 turns).

H0rd4k the Charlatan (Octopode Artificer)           Turns: 1718, Time: 00:01:33

Health: -1/28      AC:  1    Str: 11    XL:     4   Next: 12%
Magic:  4/4        EV: 13    Int: 15    God:
Gold:   118        SH:  0    Dex: 12    Spells: 3/3 levels left

rFire   . .          .
                       - Unarmed
rCold   . . .        (no shield)
rNeg    . . .        (helmet restricted)
rPois   .            (no amulet)
rElec   .            (no ring)
rCorr   .            (no ring)
SInv    .            (no ring)
Will    .....        (no ring)
Stlth   +++          (no ring)
HPRegen 0.24/turn    (no ring)
MPRegen 0.09/turn    (no ring)
                     (no ring)

%: no passive effects
@: no status effects
A: almost no armour, amphibious, 8 rings, camouflage 1, gelatinous body 1,
(nimble swimmer 1), tentacles
a: no special abilities


You were on level 3 of the Dungeon.
You visited 1 branch of the dungeon, and saw 3 of its levels.

You collected 118 gold pieces.

Inventory:

Wands
 b - a wand of flame (10) (quivered)
 c - a wand of charming (15)
 d - a wand of iceblast (5)
Scrolls
 a - 2 scrolls of teleportation {unknown}
 e - 5 scrolls of identify {unknown}
 h - a scroll of fear {unknown}
 i - a scroll of noise {unknown}
Potions
 f - a potion of attraction {unknown}
 g - a potion of heal wounds {unknown}


   Skills:
 + Level 1.1 Fighting
 + Level 3.2 Dodging
 - Level 1.3 Stealth
 + Level 1.4 Unarmed Combat
 + Level 4.2 Evocations


You had 3 spell levels left.
You didn't know any spells.
Your spell library was empty.

Dungeon Overview and Level Annotations

Branches:
Dungeon (3/15)

Altars:

Shops:
D:1 !


Innate Abilities, Weirdness & Mutations

You cannot wear most types of armour.
You are amphibious.
You can wear up to eight rings at the same time.
Your skin changes colour to match your surroundings (Stealth+).
Your rubbery body absorbs attacks. (AC +1, EV +1)
((You are camouflaged when in or above water. (Stealth+)))
You have tentacles for arms and can constrict up to eight enemies at once.


Message History

You see here an adder corpse.
You now have 118 gold pieces (gained 13).
An orc comes into view. It is wielding a +0 dagger.
An orc is nearby!
An orc is nearby!
The helpless orc fails to defend itself.
You tentacle-slap the orc. Your grab misses the orc.
Your squeeze misses the orc.
The orc is heavily wounded.
The orc completely misses you.
You barely miss the orc. You grab the orc.
The orc is heavily wounded.
You constrict the orc. The orc hits you with a +0 dagger.
You completely miss the orc.
The orc is severely wounded.
You constrict the orc. The orc misses you.
You tentacle-slap the orc.
You kill the orc!
No target in view!
No target in view!
Found a dagger.
Things that are here:
a +0 dagger; an orc corpse
i - a scroll labelled BUKHEMIOZO No target in view!
You see here a +0 dagger.
Found 8 stones.
You see here 8 stones.
You open the door.
An orc priest and 2 orcs come into view.
The orc priest shouts!
The orc shouts!
Found 54 gold pieces.
Found a roughly hewn altar of Beogh.
There is an open door here.
You see here 8 stones.
The orc priest calls down the wrath of Beogh upon you.
Beogh smites you!
Ouch! That really hurt!
The orc priest mumbles some strange prayers to Beogh against you.
Beogh smites you!
You die...

#. ##._.## #. ### #.8.8.#
#. #.. #$$$.$# ###.###
#.# #.8o8$# #.....# #.#
#...# #.....####.# #'#
####..........# #####.#
.........###..#####..o(.#
##
###..........@..o..#####
.# ###..####..#####.#
.#######..# #..# #.#
..........# #<.# #.#
#########.# #..# #.# ###
#.# ##..# #.# ..### #.#
#..## #.# ....#####.#
#..# #.# #.......#.# #..#
#.#


You could see an orc priest and an orc.

Vanquished Creatures
  2 adders
  2 worms (D:2)
  A dart slug (D:3)
  An orc (D:3)
  8 ball pythons
  A bat (D:2)
  6 endoplasms
  A giant cockroach (D:1)
  3 goblins
  3 hobgoblins
  2 kobolds
  2 quokkas
  A frilled lizard (D:1)
  3 rats
36 creatures vanquished.

Notes
Turn   | Place    | Note
-------+----------+-------------------------------------------
     0 | D:1      | H0rd4k the Octopode Artificer began the quest for the Orb.
     0 | D:1      | Reached XP level 1. HP: 13/13 MP: 1/1
   203 | D:1      | Found Hased's Distillery.
   391 | D:1      | Reached XP level 2. HP: 18/18 MP: 2/2
   982 | D:2      | Reached skill level 4 in Evocations
   982 | D:2      | Reached XP level 3. HP: 19/23 MP: 3/3
  1340 | D:2      | Reached skill level 1 in Unarmed Combat
  1375 | D:2      | Found a faded altar of an unknown god.
  1515 | D:3      | Reached XP level 4. HP: 10/28 MP: 4/4
  1718 | D:3      | Killed from afar by an orc priest

Illustrated notes

Levels and vault maps discovered:
D:1:      co_arrival_random_square_maze, layout_loops_ring, serial_shops,
          nicolae_shop_tiny_statue_garden
D:2:      layout_rooms, hellmonk_ecumenical_altar_slurped_away
D:3:      layout_loops_ring, xom_confusion_cloud, serial_shops, shop,
          kennysheep_orc_chapel

Skill      XL: |  1  2  3 |
---------------+----------+-----
Evocations     | 4 |  4.2
Dodging        | 3 |  3.2
Unarmed Combat | 1 |  1.4
Fighting       | |  1.1
Stealth        | |  1.3

Action                     |  1- 3 |  4- 6 || total
---------------------------+-------+-------++-------
  Melee: Unarmed           |    93 |     5 ||    98
         Constrict         |    18 |     2 ||    20
         Tentacles         |    22 |     1 ||    23
         Punch             |     1 |       ||     1
  Evoke: Wand              |     4 |     1 ||     5
   Stab: Sleeping          |    12 |     1 ||    13
 Armour: Skin              |     5 |       ||     5
  Dodge: Dodged            |    59 |     2 ||    61
